 Dungeon Crawl Stone Soup version 0.25.1-8-g42b30a86e7 (webtiles) character file.

Game seed: 5569926868804957349

1355 growler the Ruffian (level 8, -9/59 HPs)
             Began as a Green Draconian Transmuter on Dec 18, 2020.
             Was an Initiate of Makhleb.
             Shot with an arrow by a centaur (13 damage)
             ... on level 6 of the Dungeon.
             The game lasted 00:14:42 (6230 turns).

growler the Ruffian (Green Draconian Transmuter)    Turns: 6230, Time: 00:14:43

Health: -9/59      AC:  6    Str: 15    XL:     8   Next: 37%
Magic:  23/23      EV: 12    Int: 14    God:    Makhleb [......]
Gold:   265        SH:  0    Dex: 11    Spells: 5/15 levels left

rFire    . . .     SeeInvis .     - Unarmed
rCold    . . .     Gourm    .   (no shield)
rNeg     + . .     Faith    .   (armour unavailable)
rPois    +         Spirit   .   (helmet restricted)
rElec    .         Reflect  .   (no cloak)
rCorr    .         Harm     .   (no gloves)
MR       .....                  (no boots)
Stlth    +.........             (no amulet)
HPRegen  0.19/turn              b - ring of magical power
MPRegen  0.18/turn              l - ring of positive energy

@: very slightly contaminated, invisible
A: breathe noxious fumes, unfitting armour, poison resistance, cold-blooded, AC
+6
a: Breathe Noxious Fumes, Renounce Religion


You were on level 6 of the Dungeon.
You worshipped Makhleb.
Makhleb was noncommittal.
You were not hungry.

You visited 1 branch of the dungeon, and saw 6 of its levels.

You collected 265 gold pieces.

Inventory:

Missiles
 a - 194 arrows
Armour
 k - a +0 pair of gloves
   (You found it on level 2 of the Dungeon)
Jewellery
 b - a ring of magical power (left hand)
   (You found it on level 1 of the Dungeon)
 l - a ring of positive energy (right hand)
   (You found it on level 2 of the Dungeon)
 n - an uncursed amulet of reflection {unknown}
   (You found it on level 3 of the Dungeon)
 y - a cursed -4 ring of intelligence {unknown}
   (You found it on level 4 of the Dungeon)
Wands
 d - a wand of iceblast (7)
   (You found it on level 3 of the Dungeon)
 x - a wand of acid (8)
   (You found it on level 3 of the Dungeon)
Scrolls
 c - 5 scrolls of teleportation {@r4}
 f - 2 scrolls of magic mapping {unknown}
 h - 5 scrolls of enchant armour {unknown}
 i - 5 scrolls of identify {unknown}
 j - 4 scrolls of remove curse {unknown}
 p - 3 scrolls of amnesia {unknown}
 t - 2 scrolls of fog {unknown}
 v - 2 scrolls of fear {unknown}
 A - a scroll of noise {unknown}
Potions
 g - a potion of haste {unknown}
 m - a potion of degeneration {unknown}
 o - a potion of cancellation {unknown}
 q - a potion of magic {unknown}
 r - a potion of curing {unknown}
 w - a potion of flight {unknown}
 z - a potion of resistance {unknown}
Comestibles
 e - 18 rations {!d}


   Skills:
 - Level 1.1 Fighting
 - Level 1.7 Dodging
 + Level 7.2 Unarmed Combat
 - Level 4.0 Spellcasting
 - Level 6.0 Transmutations
 + Level 2.8 Ice Magic
 - Level 2.4 Poison Magic


You had 5 spell levels left.
You knew the following spells:

 Your Spells              Type           Power        Failure   Level  Hunger
a - Beastly Appendage     Tmut           ###...       1%          1    None
c - Ice Form              Ice/Tmut       ###.....     32%         4    ####...
s - Sticks to Snakes      Tmut           ###.....     2%          2    ##.....
x - Spider Form           Tmut/Pois      ##........   11%         3    ###....

Your spell library contained the following spells:

 Spells                   Type           Power        Failure   Level  Hunger
 Blade Hands              Tmut           ###.......   41%         5    ######.


Dungeon Overview and Level Annotations

Branches:
Dungeon (6/15)
 Temple: D:4-7

Altars:
Makhleb
Nemelex Xobeh
Ru
Sif Muna
Yredelemnul
The Shining One


Innate Abilities, Weirdness & Mutations

You can breathe blasts of noxious fumes.
Your lurid green scales are hard. (AC +6)
You cannot fit into any form of body armour.
Your system is resistant to poisons. (rPois)
You are cold-blooded and may be slowed by cold attacks.


Message History

The arrow barely misses you.
You see here an arrow.
The centaur shoots an arrow.
The arrow hits you!
An adder zombie comes into view.
There is an open door here.
You see here an arrow.
The centaur shoots an arrow.
The arrow hits you!
* * * LOW HITPOINT WARNING * * *
The centaur shoots an arrow.
The arrow hits you.
* * * LOW HITPOINT WARNING * * *
You see here 3 arrows.
The centaur shoots an arrow.
The arrow hits you but does no damage.
Found a scythe.
You see here an arrow.
The centaur unwields a +0 shortbow.
The centaur barely misses you.
You turn into a venomous arachnid creature.
The centaur hits you!
* * * LOW HITPOINT WARNING * * *
The adder zombie barely misses you. The centaur hits you.
* * * LOW HITPOINT WARNING * * *
The adder zombie closely misses you.
You hit the centaur.
The centaur is poisoned.
The centaur hits you.
* * * LOW HITPOINT WARNING * * *
It was a potion of invisibility.
You fade into invisibility!
The adder zombie misses you. The centaur hits you.
* * * LOW HITPOINT WARNING * * *
The adder zombie misses you.
You are very lightly contaminated with residual magic.
The centaur wields a +0 shortbow.
The centaur shoots an arrow.
You see here an arrow.
The centaur shoots an arrow.
The arrow hits the adder zombie.
You see here 3 arrows.
There is an open door here.
You see here an arrow.
The centaur shoots an arrow.
The centaur shoots an arrow.
The arrow misses you.
The centaur shoots an arrow.
The arrow completely misses you.
The centaur shoots an arrow.
The arrow completely misses you.
There is an open door here.
You see here 2 arrows.
You close the door, pushing everything out of the way.
You see here 2 arrows.
Your transformation is almost over.
A centaur opens the door.
The centaur shoots an arrow.
The centaur shoots an arrow.
The centaur shoots an arrow.
Your transformation has ended.
The centaur shoots an arrow.
The arrow hits you!
You die...

#.# ##.## ##Z..##
#########(....#
.........#.c.#####
.##...##.##.......
......##.##...###
.##...........# ######.##@..#
...##.### ######.# #######
#.######## #.....# #........#
##.....########..#####.#######
#................#.......a...#
#.......######.....###.#####.#
#.......######...#####.#####.###


You could see a centaur and an adder zombie.

Vanquished Creatures
  2 ice beasts (D:6)
  A sky beast (D:5)
  3 ogres
  2 centaurs
  A howler monkey (D:4)
  A hound (D:6)
  2 jellies
  2 orc priests
  5 orc wizards
  2 bullfrog skeletons (D:5)
  Jessica (D:3)
  An iguana (D:6)
  2 worker ants (D:6)
  A hound zombie (D:6)
  A hound skeleton (D:4)
  A worker ant zombie (D:5)
  4 adders
  2 oozes
  An adder zombie (D:3)
  2 worms
  5 dart slugs
  17 orcs
  7 giant cockroaches
  9 goblins
  6 hobgoblins
  4 quokkas
  A ball python (D:5)
  8 bats
  9 frilled lizards
  8 kobolds
  11 rats
122 creatures vanquished.

Notes
Turn   | Place    | Note
-------+----------+-------------------------------------------
     0 | D:1      | growler the Draconian Transmuter began the quest for the
                  | Orb.
     0 | D:1      | Reached XP level 1. HP: 16/16 MP: 3/3
   253 | D:1      | Reached XP level 2. HP: 23/23 MP: 5/5
   262 | D:1      | Learned a level 2 spell: Sticks to Snakes
   710 | D:1      | Reached XP level 3. HP: 9/28 MP: 4/6
   718 | D:1      | Learned a level 3 spell: Spider Form
  1698 | D:2      | Reached skill level 1 in Poison Magic
  2019 | D:2      | Found a sparkling altar of Nemelex Xobeh.
  2124 | D:3      | Reached skill level 4 in Unarmed Combat
  2124 | D:3      | Reached XP level 4. HP: 25/35 MP: 7/7
  2315 | D:3      | Found a faded altar of an unknown god.
  2407 | D:3      | Noticed Jessica
  2413 | D:3      | Killed Jessica
  2413 | D:3      | Reached XP level 5. HP: 38/40 MP: 8/8
  3215 | D:4      | You fall into a shaft and drop 1 floor!
  3215 | D:5      | Entered Level 5 of the Dungeon
  3464 | D:4      | Found a burning altar of Makhleb.
  3469 | D:4      | Reached XP level 6. HP: 38/47 MP: 9/9
  3717 | D:4      | Became a worshipper of Makhleb the Destroyer
  3986 | D:4      | Found a glowing golden altar of the Shining One.
  4074 | D:4      | Found a shimmering blue altar of Sif Muna.
  4208 | D:4      | Reached skill level 5 in Unarmed Combat
  4738 | D:5      | Reached skill level 5 in Transmutations
  4738 | D:5      | Your scales start taking on a lurid green colour.
  4738 | D:5      | Reached XP level 7. HP: 32/52 MP: 11/11
  4738 | D:5      | Gained mutation: Your system is resistant to poisons.
                  | (rPois) [Green Draconian growth]
  4943 | D:5      | Found a sacrificial altar of Ru.
  4943 | D:5      | Found a shimmering blue altar of Sif Muna.
  5008 | D:5      | Reached skill level 6 in Unarmed Combat
  5444 | D:5      | Found a basalt altar of Yredelemnul.
  5481 | D:6      | Learned a level 4 spell: Ice Form
  5594 | D:6      | Reached skill level 1 in Ice Magic
  5682 | D:6      | Reached XP level 8. HP: 59/59 MP: 13/13
  5959 | D:6      | Reached skill level 7 in Unarmed Combat
  6210 | D:6      | HP: 1/59 [centaur (4)]
  6230 | D:6      | Shot with an arrow by a centaur

Illustrated notes

Levels and vault maps discovered:
D:1:      dpeg_arrival_snail, layout_basic
D:2:      layout_basic, nemelex_altar_shiori, chequers_serial_rivers_large_b
D:3:      minmay_angry_zag, layout_basic, chequers_ecumenical_altar_grove,
          kennysheep_jessica_study
D:4:      layout_loops_cross, nicolae_overflow_crystal_walls,
          nicolae_tso_carved_into_rock, led_sif_pool
D:5:      layout_loops_ring, kennysheep_mini, gammafunk_temple_overflow_wave,
          first_ration
D:6:      layout_loops_corners, minmay_temple_entry_mist, minivault_27,
          minmay_increasing_density, uniq_menkaure

Skill      XL: |  1  2  3  4  5  6  7  8 |
---------------+-------------------------+-----
Transmutations | 3 4 5 6 |  6.0
Poison Magic   | 1 2 |  2.4
Unarmed Combat | 4 5 6 7 |  7.2
Spellcasting   | 3 4 |  4.0
Ice Magic      | 1 2 |  2.8
Fighting       | |  1.1
Dodging        | |  1.7

Action                   |  1- 3 |  4- 6 |  7- 9 || total
-------------------------+-------+-------+-------++-------
Melee: Unarmed           |   153 |   213 |    68 ||   434
       Tailslap          |     8 |    16 |     7 ||    31
       Headbutt          |     2 |     1 |     3 ||     6
       Punch             |     1 |     2 |     3 ||     6
       Kick              |       |     2 |     2 ||     4
 Cast: Beastly Appendage |     2 |     4 |     4 ||    10
       Spider Form       |     1 |     8 |     8 ||    17
       Ice Form          |       |       |     1 ||     1
       Sticks to Snakes  |       |       |     1 ||     1
 Abil: Breathe Noxious F |       |       |     4 ||     4
  Use: Scroll            |       |     1 |       ||     1
       Potion            |       |       |     1 ||     1
 Stab: Sleeping          |     2 |     1 |       ||     3
       Confused          |       |       |     2 ||     2
  Eat: Chunk             |     4 |    10 |     7 ||    21
Armor: Skin              |    53 |    36 |    10 ||    99
Dodge: Dodged            |    92 |   116 |    56 ||   264
